 Dungeon Crawl Stone Soup version 0.30-a0-534-gdc55766716 (webtiles) character file.

Game seed: 1631855888890819107

1258 hikkokomori the Slasher (level 8, 0/51 HPs)
             Began as a Tengu Warper on Dec 25, 2022.
             Succumbed to an orc priest's poison
             ... on level 6 of the Dungeon.
             The game lasted 00:12:09 (4126 turns).

hikkokomori the Slasher (Tengu Warper)              Turns: 4126, Time: 00:12:10

Health: 0/51       AC:  9    Str: 12    XL:     8   Next: 51%
Magic:  14/14      EV: 14    Int: 13    God:
Gold:   251        SH:  0    Dex: 16    Spells: 6/13 levels left

rFire   . . .      SeeInvis .    a - +0 falchion
rCold   . . .      Faith    .    (no shield)
rNeg    . . .      Spirit   .    b - +0 leather armour
rPois   .          Reflect  .    (helmet restricted)
rElec   .          Harm     .    r - +0 cloak
rCorr   .          Rampage  .    f - +0 pair of gloves
Will    .....                    (boots unavailable)
Stlth   +                        g - amulet of the acrobat
HPRegen 0.28/turn                l - +4 ring of protection
MPRegen 0.14/turn                (no ring)

@: lethally poisoned (0 -> -6), flying quickly and evasively, quick
A: beak, talons 3, nimble flight
a: no special abilities


You were on level 6 of the Dungeon.
You visited 1 branch of the dungeon, and saw 6 of its levels.

You collected 251 gold pieces.

Inventory:

Hand Weapons
 a - a +0 falchion (weapon)
 e - a +0 morningstar
Missiles
 d - 6 boomerangs of dispersal (quivered)
 k - 10 boomerangs
Armour
 b - a +0 leather armour (worn)
 f - a +0 pair of gloves (worn)
 h - a +0 ring mail
 r - a +0 cloak (worn)
Jewellery
 g - an amulet of the acrobat (around neck)
 l - a +4 ring of protection (left hand)
 p - a ring of resist corrosion
 x - a ring of fire
Wands
 v - a wand of digging (5)
 A - a wand of mindburst (20)
 C - a wand of flame (21)
Scrolls
 c - a scroll of blinking
 i - 2 scrolls of amnesia
 m - 2 scrolls of magic mapping {unknown}
 n - a scroll of immolation
 w - a scroll of summoning {unknown}
 y - a scroll of teleportation
 B - 2 scrolls of identify
Potions
 j - a potion of brilliance {unknown}
 o - 3 potions of heal wounds
 q - 2 potions of flight
 s - a potion of mutation {unknown}
 t - 2 potions of lignification
 z - a potion of haste {unknown}


   Skills:
 + Level 5.9 Fighting
 + Level 6.5 Long Blades
 - Level 1.0 Throwing
 - Level 1.1 Armour
 - Level 2.1 Dodging
 + Level 3.4 Spellcasting
 + Level 4.5 Conjurations
 - Level 1.0 Hexes
 - Level 2.4 Translocations
 + Level 3.7 Air Magic


You had 6 spell levels left.
You knew the following spells:

 Your Spells              Type           Power      Damage    Failure   Level
a - Vhi's Electric Charg  Tloc/Air       20%        N/A       24%         3
b - Fulminant Prism       Conj/Hex       4%         3d5       65%         4

Your spell library contained the following spells:

 Spells                   Type           Power      Damage    Failure   Level
 Blink                    Tloc           16%        N/A       16%         2
 Poisonous Vapours        Pois/Air       14%        N/A       21%         2
 Cigotuvi's Dreadful Rot  Necr/Pois/Air  10%        N/A       26%         2
 Mephitic Cloud           Conj/Pois/Air  9%         N/A       26%         3
 Lesser Beckoning         Tloc           16%        N/A       30%         3
 Teleport Other           Tloc           8%         N/A       30%         3
 Kindle Blastsparks       Fire/Tloc/Air  14%        2d11      34%         3
 Iskenderun's Mystic Bla  Conj/Tloc      11%        2d4       56%         4
 Manifold Assault         Tloc           8%         N/A       71%         4
 Lee's Rapid Deconstruct  Erth           1%         3d4*      100%        5
 Conjure Ball Lightning   Conj/Air       6%         3x3d6     100%        6
 Discord                  Hex            2%         N/A       100%        8
 Disjunction              Tloc           4%         N/A       100%        8


Dungeon Overview and Level Annotations

Branches:
Dungeon (6/15)
 Temple: D:4-7

Altars:
Fedhas
Makhleb
Uskayaw

Shops:
D:5 :

Annotations:
D:3 Sigmund


Innate Abilities, Weirdness & Mutations

You have a beak for a mouth.
You have claws for feet.
Your magical nature lets you fly swiftly and evasively.


Message History

The scorpion poisons you!
The orc priest hits you from afar with a +0 trident of venom.
The scorpion barely misses you.
You hit the scorpion.
You claw the scorpion, but do no damage.
Your peck misses the scorpion.
The scorpion is moderately wounded.
You feel sick.
The orc priest hits you from afar with a +0 trident of venom.
You are more poisoned.
The scorpion stings you but does no damage.
You hit the scorpion but do no damage. Your kick misses the scorpion.
You peck the scorpion, but do no damage.
The scorpion is moderately wounded.
You feel very sick. The orc priest completely misses you.
The scorpion completely misses you.
You hit the scorpion. Your kick misses the scorpion.
The scorpion is severely wounded.
You feel very sick. The orc hits you with a +0 dagger. The scorpion stings you.
The orc priest barely misses you.
You slash the scorpion!
You kill the scorpion!
You feel very sick. The orc barely misses you.
The orc priest hits you from afar with a +0 trident of venom.
You feel sick. The orc closely misses you.
The orc priest mumbles some strange prayers to Beogh against you.
Beogh smites you!
* * * LOW HITPOINT WARNING * * *
Items here: )) [ †.
You closely miss the orc priest. You claw the orc priest.
The orc priest is moderately wounded.
* * * LOW HITPOINT WARNING * * *
You feel sick. The orc hits you but does no damage.
The orc priest closely misses you.
You hit the orc priest but do no damage.
You claw the orc priest.
The orc priest is moderately wounded.
You die...

#.... ..# #.....#
..>##.....####
.............## ### ###
..............####[###..
................##...#..
........................
.......o........##......
#.....o@................
...........#..........##
#..........#...........#
#...........##..........
........................
...........#.........#..
......................##
.......##........##....#
.....# ...#..)#..#.....


You could see an orc priest and an orc.

Vanquished Creatures
  A steam dragon (D:4)
  A black bear (D:4)
  2 ice beasts
  2 ogres
  A phantom (D:5)
  2 scorpions
  3 orc priests
  3 hounds
  3 iguanas
  2 orc wizards
  6 adders
  A white imp (D:5)
  A worm (D:2)
  4 dart slugs
  17 orcs
  5 bats
  8 endoplasms
  4 giant cockroaches
  5 goblins (D:1)
  7 hobgoblins
  4 jackals (D:2)
  6 quokkas
  9 ball pythons
  4 frilled lizards
  5 kobolds
  7 rats
113 creatures vanquished.

Notes
Turn   | Place    | Note
-------+----------+-------------------------------------------
     0 | D:1      | hikkokomori the Tengu Warper began the quest for the Orb.
     0 | D:1      | Reached XP level 1. HP: 12/12 MP: 4/4
    13 | D:1      | You fall into a shaft and drop 1 floor!
    84 | D:1      | Reached XP level 2. HP: 16/18 MP: 6/6
    96 | D:1      | Found a faded altar of an unknown god.
   161 | D:1      | Reached skill level 3 in Long Blades
   256 | D:1      | Reached XP level 3. HP: 22/22 MP: 7/7
   647 | D:2      | Reached XP level 4. HP: 25/28 MP: 8/8
  1195 | D:2      | Reached skill level 4 in Long Blades
  1255 | D:3      | Gained mutation: Your magical nature lets you fly swiftly
                  | and evasively. [Tengu growth]
  1255 | D:3      | Reached XP level 5. HP: 8/33 MP: 9/9
  1582 | D:3      | Noticed Sigmund
  2130 | D:3      | Learned a level 3 spell: Vhi's Electric Charge
  2428 | D:4      | Reached skill level 5 in Long Blades
  2428 | D:4      | Reached XP level 6. HP: 22/39 MP: 10/10
  2518 | D:4      | Learned a level 4 spell: Fulminant Prism
  2596 | D:4      | Noticed a steam dragon
  2609 | D:4      | Killed a steam dragon
  2610 | D:4      | Reached skill level 1 in Conjurations
  2738 | D:4      | Found a blossoming altar of Fedhas.
  2931 | D:4      | Reached skill level 5 in Fighting
  2931 | D:4      | Reached skill level 1 in Hexes
  2931 | D:4      | Reached XP level 7. HP: 36/44 MP: 11/11
  3036 | D:4      | Found a burning altar of Makhleb.
  3038 | D:4      | Found a hide-covered altar of Uskayaw.
  3071 | D:5      | Entered Level 5 of the Dungeon
  3160 | D:5      | Reached skill level 1 in Air Magic
  3263 | D:5      | Reached skill level 6 in Long Blades
  3399 | D:5      | Reached XP level 8. HP: 38/50 MP: 13/13
  3564 | D:5      | Found Tamit's Book Shoppe.
  4124 | D:6      | HP: 2/51 [orc priest/divine providence (12)]
  4126 | D:6      | Succumbed to an orc priest's poison

Illustrated notes

Levels and vault maps discovered:
D:1:      saegor_arrival_simple_a, layout_rooms, ebering_ecumenical_altar_box
D:2:      layout_rooms
D:3:      layout_rooms, mainiacjoe_overflow_cross_hatched, grunt_ministairs_8,
          chequers_serial_rivers_large_a, minmay_unequal, uniq_sigmund
D:4:      layout_rooms, lemuel_coloured_pillars_altar,
          chequers_temple_overflow_statue_of_worship
D:5:      layout_cave_pools, serial_shops,
          nicolae_shop_competitors_out_of_business
D:6:      layout_cave_pools, st_stairs_13, chequers_serial_rivers_micro_d

Skill      XL: |  1  2  3  4  5  6  7  8 |
---------------+-------------------------+-----
Long Blades    | 3 4 5 6 |  6.5
Fighting       | 3 4 5 |  5.9
Conjurations   | 2 3 4 |  4.5
Hexes          | 1 |  1.0
Air Magic      | 2 3 |  3.7
Spellcasting   | 3 |  3.4
Throwing       | |  1.0
Armour         | |  1.1
Dodging        | |  2.1
Translocations | |  2.4

Action                   |  1- 3 |  4- 6 |  7- 9 || total
-------------------------+-------+-------+-------++-------
Melee: Falchion          |    79 |   149 |   124 ||   352
       Kick              |    20 |    31 |    49 ||   100
       Peck              |    17 |    22 |    21 ||    60
       Punch             |       |     1 |       ||     1
       Unarmed           |       |       |     9 ||     9
Throw: Boomerang         |       |     1 |       ||     1
Evoke: Wand              |       |       |     4 ||     4
  Use: Scroll            |       |     8 |     3 ||    11
       Potion            |       |     6 |       ||     6
Armor: Leather armour    |    20 |    29 |    44 ||    93
       Skin              |       |       |     1 ||     1
Dodge: Dodged            |    49 |   123 |   104 ||   276

Table legend: (Time is in decaauts)
 A = Elapsed time spent in this place.
 B = Non-inter-level travel time spent in this place.
 C = Inter-level travel time spent in this place.
 D = Time resting spent in this place.
 E = Time spent auto-exploring this place.
 F = Levels seen in this place.
 G = Mean time per level.
                   A        B        C        D        E       F      G
               +--------+--------+--------+--------+--------+-----+--------+
         Total |   3996 |   3879 |    117 |    570 |   2219 |   6 |  666.0 |
       Dungeon |   3996 |   3879 |    117 |    570 |   2219 |   6 |  666.0 |
               +--------+--------+--------+--------+--------+-----+--------+

Top non-repeatable levels by time:
     D:3: 924 daAuts
     D:2: 854 daAuts
     D:4: 747 daAuts
     D:5: 682 daAuts
     D:1: 510 daAuts
     D:6: 276 daAuts
